 Dungeon Crawl Stone Soup version 0.18-a0-1595-g0d04c30 (webtiles) character file.

152 Ace the Digger (level 5, -5/42 HPs)
             Began as a Deep Dwarf Earth Elementalist on Mar 20, 2016.
             Slain by Crazy Yiuf
             ... wielding a +3 quarterstaff of chaos
              (10 damage)
             ... on level 3 of the Dungeon.
             The game lasted 00:07:58 (3300 turns).

Ace the Digger (Deep Dwarf Earth Elementalist)      Turns: 3300, Time: 00:07:59

Health: -5/42      AC:  4    Str: 12    XL:     5   Next: 11%
Magic:  9/11       EV: 12    Int: 16    God:
Gold:   132        SH:  0    Dex: 13    Spells: 2 memorised, 8 levels left

rFire  . . .     SeeInvis .     b - 84 stones
rCold  . . .     Gourm    .     g - +1 robe {MR+}
rNeg   . . .     Faith    .     (no shield)
rPois  .         Spirit   .     r - +0 helmet
rElec  .         Dismiss  .     (no cloak)
rCorr  .         Reflect  .     (no gloves)
SustAt .         Harm     .     (no boots)
MR     +....                    (no amulet)
Stlth  ++........               (no ring)
                                (no ring)

@: non-regenerating, somewhat resistant to hostile enchantments, unstealthy
A: damage resistance, recharge devices, sense surroundings 1, slow regeneration
3
a: Device Recharging


You were on level 3 of the Dungeon.
You were not hungry.

You visited 1 branch of the dungeon, and saw 3 of its levels.

You collected 132 gold pieces.

Inventory:

Missiles
 b - 84 stones (in hand)
Armour
 g - a +1 robe of magic resistance (worn)
 o - a +0 buckler
 r - a +0 helmet (worn)
Jewellery
 h - an uncursed ring of resist corrosion {unknown}
Wands
 d - a wand of heal wounds (0/9)
Scrolls
 a - a scroll of amnesia {unknown}
 e - 5 scrolls of identify {unknown}
 n - a scroll of enchant armour {unknown}
 p - 2 scrolls of recharging {unknown}
 s - a scroll of fear {unknown}
 t - a scroll of random uselessness {unknown}
Potions
 i - 2 potions of degeneration {unknown}
 j - a potion of cure mutation {unknown}
 k - a potion of mutation {unknown}
Books
 c - a book of Geomancy

   Spells                             Type                      Level
   a - Sandblast                      Earth                        1
   b - Passwall                       Transmutation/Earth          2
   c - Stone Arrow                    Conjuration/Earth            3
   d - Petrify                        Transmutation/Earth          4
   e - Lee's Rapid Deconstruction     Earth                        5
Comestibles
 f - 3 bread rations
 l - 3 chunks of flesh
 m - a beef jerky
 q - a meat ration


   Skills:
 - Level 2.1 Dodging
 - Level 2.4 Stealth
 * Level 4.0 Spellcasting
 * Level 0.1 Conjurations
   Level 0.8 Transmutations
 + Level 5.0 Earth Magic


You had 8 spell levels left.
You knew the following spells:

 Your Spells              Type           Power        Failure   Level  Hunger
a - Sandblast             Erth           ###...       1%          1    None
b - Stone Arrow           Conj/Erth      ##....       17%         3    ###....


Dungeon Overview and Level Annotations

Branches:
Dungeon (3/15)

Altars:

Annotations:
D:3 Crazy Yiuf


Innate Abilities, Weirdness & Mutations

You are resistant to damage.
You can recharge devices by infusing magical energy.
You passively map a small area around you.
You do not regenerate naturally.


Message History

b - 86 stones (in hand) Crazy Yiuf shouts!
There is an open door here.
Casting: Sandblast
Confirm with . or Enter, or press ? or * to list all spells.
Aiming: Sandblast
Press: ? - help, Shift-Dir - straight line, f - Crazy Yiuf
Aim: Crazy Yiuf, wielding a quarterstaff of chaos and wearing a runed cloak The rocky blast hits Crazy Yiuf.
Crazy Yiuf is lightly wounded.
Casting: Sandblast
Confirm with . or Enter, or press ? or * to list all spells.
Aiming: Sandblast
Press: ? - help, Shift-Dir - straight line, f/p - Crazy Yiuf
Aim: Crazy Yiuf, wielding a quarterstaff of chaos and wearing a runed cloak (lightly wounded)
The rocky blast misses Crazy Yiuf.
Crazy Yiuf hits you with a quarterstaff of chaos!
* * * LOW HITPOINT WARNING * * *
You are electrocuted!
You die...

, , * ,* * ,
* ' * #####
, , #)..# *
* #...# #
### * #.g.#
#.#.. ######
#@# ####.#.#
#....# #.##
#>.....#####
###....####
##.# *
#......
#......'..#
#.## #.#####
#.#....##.#
##.# , #.#
#.#....##.#
##.##
#.#####
#.#....##.#
##P..#
#......
#.#######.#
#P.PP# ,
#......
#.#######.#
#....# ,
#..<...


You could see Crazy Yiuf.

Vanquished Creatures
  Terence (D:2)
  Robin (D:3)
  4 gnolls
  An adder (D:2)
  2 oozes
  A worm (D:2)
  5 bats
  6 giant cockroaches
  15 goblins
  4 hobgoblins
  6 kobolds
  A quokka (D:2)
  3 ball pythons
  2 giant newts
  3 rats
55 creatures vanquished.

Notes
Turn   | Place    | Note
--------------------------------------------------------------
     0 | D:1      | Ace the Deep Dwarf Earth Elementalist began the quest for the Orb.
     0 | D:1      | Reached XP level 1. HP: 15/15 MP: 3/3
   649 | D:1      | Reached XP level 2. HP: 22/22 MP: 3/5
  1719 | D:2      | Noticed Terence
  1846 | D:2      | Killed Terence
  1846 | D:2      | Reached XP level 3. HP: 12/28 MP: 1/7
  2036 | D:1      | Reached XP level 4. HP: 24/36 MP: 0/9
  2758 | D:2      | Reached skill level 5 in Earth Magic
  2771 | D:2      | Learned a level 3 spell: Stone Arrow
  2846 | D:3      | Noticed Robin
  2876 | D:3      | Killed Robin
  2876 | D:3      | Reached XP level 5. HP: 22/42 MP: 1/10
  3296 | D:3      | Noticed Crazy Yiuf
  3300 | D:3      | Slain by Crazy Yiuf

Vault maps used:
D:1:      lemuel_arrival_behind_the_door_small
D:2:      hangedman_abyss_or_decor_lesser_grid, uniq_terence
D:3:      uniq_crazy_yiuf_cottage, uniq_robin

Skill      XL: |  1  2  3  4  5 |
---------------+----------------+-----
Spellcasting   | 2 3 4 |  4.0
Earth Magic    | 5 |  5.0
Dodging        | |  2.1
Stealth        | |  2.4
Conjurations   | |  0.1
Transmutations | |  0.8

Action                   |  1- 3 |  4- 6 || total
-------------------------+-------+-------++-------
Melee: Unarmed           |     3 |     3 ||     6
 Cast: Sandblast         |    74 |    60 ||   134
Evoke: Wand              |     4 |     1 ||     5
  Eat: Chunk             |     4 |     4 ||     8
